 Dungeon Crawl Stone Soup version 0.29.1-12-g30fa7ad0bf (webtiles) character file.

Game seed: 15688558669904151802

95903 Jushak the Fighter (level 16, -2/133 HPs)
             Began as a Formicid Fighter on Jan 12, 2023.
             Was a High Priest of Cheibriados.
             Slain by a 16-headed hydra (8 damage)
             ... on level 14 of the Dungeon on Jan 13, 2023.
             The game lasted 01:47:38 (22277 turns).

Jushak the Fighter (Formicid Fighter)              Turns: 22277, Time: 01:47:39

Health: -2/133     AC: 24    Str: 38    XL:     16   Next: 64%
Magic:  28/28      EV: 12    Int: 30    God:    Cheibriados [*****.]
Gold:   668        SH: 23    Dex: 28    Spells: 14/31 levels left

rFire   + . .      SeeInvis +   I - +2 war axe (freeze)
rCold   + . .      Faith    .   p - +2 tower shield {AC+3}
rNeg    . . .      Spirit   .   y - +6 scale mail of the Valley of Death {rC+ Str+5 Int+6}
rPois   .          Reflect  .   (helmet unavailable)
rElec   .          Harm     .   (no cloak)
rCorr   .          Rampage  .   u - +2 pair of gloves
Will    +....                   t - +1 pair of boots
Stlth   +.........              i - amulet of regeneration
HPRegen 1.12/turn               j - +4 ring of evasion
MPRegen 0.21/turn               o - ring of fire

@: very slow
A: permanent stasis, dig shafts and tunnels, antennae 3, four strong arms,
talons 1, agile 1, cold resistance 1, noise suppression
a: Dig, Shaft Self, Renounce Religion, Bend Time, Temporal Distortion, Slouch,
Step From Time


You were on level 14 of the Dungeon.
You worshipped Cheibriados.
Cheibriados was extremely pleased with you.
You visited 3 branches of the dungeon, and saw 21 of its levels.

You collected 1727 gold pieces.
You spent 1059 gold pieces at shops.

Inventory:

Hand Weapons
 b - a +0 vorpal battleaxe
 I - a +2 war axe of freezing (weapon)
Missiles
 H - 4 throwing nets
Armour
 l - an orb of guile
 p - a +2 tower shield of protection (worn)
 t - a +1 pair of boots (worn)
 u - a +2 pair of gloves (worn)
 y - the +6 scale mail of the Valley of Death (worn) {rC+ Str+5 Int+6}
   (You took it off a skeletal warrior on level 11 of the Dungeon)

   Str:       It affects your strength (+5).
   Int:       It affects your intelligence (+6).
   rC:        It protects you from cold.
 C - a +0 plate armour
Jewellery
 a - a +6 ring of dexterity
 i - an amulet of regeneration (around neck)
 j - a +4 ring of evasion (left hand)
 o - a ring of fire (right hand)
 v - a ring of wizardry
 G - a ring of willpower
 Q - a ring of protection from cold
 R - a ring of ice
Wands
 e - a wand of charming (14)
 x - a wand of flame (45)
 A - a wand of acid (18)
 E - a wand of iceblast (21)
 O - a wand of digging (4)
Scrolls
 f - 5 scrolls of enchant weapon
 n - 3 scrolls of amnesia
 q - 2 scrolls of fog
 r - 2 scrolls of enchant armour
 D - 3 scrolls of fear
 F - a scroll of magic mapping
 K - a scroll of brand weapon
Potions
 g - 3 potions of resistance
 h - a potion of degeneration
 m - 10 potions of curing
 w - 2 potions of magic
 B - 3 potions of flight
 J - 3 potions of lignification
 L - 4 potions of cancellation
 N - a potion of ambrosia {unknown}
 P - a potion of brilliance
 S - 2 potions of invisibility {unknown}
Miscellaneous
 d - a tin of tremorstones (2/2)


   Skills:
 * Level 14.0 Fighting
 * Level 12.8 Axes
 * Level 13.2 Armour
 + Level 12.2 Shields
 + Level 8.0 Spellcasting
 * Level 6.9 Summonings
 - Level 4.0 Necromancy
 - Level 5.2 Transmutations
 - Level 8.0 Earth Magic
 - Level 8.3 Poison Magic
 - Level 10.0 Invocations


You had 14 spell levels left.
You knew the following spells:

 Your Spells              Type           Power      Damage    Failure   Level
a - Passwall              Tmut/Erth      42%        N/A       2%          2
b - Vampiric Draining     Necr           36%        2d8       13%         3
c - Poisonous Vapours     Pois/Air       72%        N/A       6%          2
d - Olgreb's Toxic Radia  Pois           58%        N/A       8%          4
e - Summon Cactus Giant   Summ           26%        N/A       89%         6

Your spell library contained the following spells:

 Spells                   Type           Power      Damage    Failure   Level
 Sandblast                Erth           100%       2d20      1%          1
 Sting                    Tmut/Pois      100%       1d8       1%          1
 Necrotise                Necr           100%       1d9       4%          1
 Sublimation of Blood     Necr           36%        N/A       6%          2
 Stone Arrow              Conj/Erth      72%        3d11      13%         3
 Petrify                  Tmut/Erth      51%        N/A       14%         4
 Freeze                   Ice            48%        1d7       22%         1
 Magic Dart               Conj           48%        1d5       22%         1
 Lee's Rapid Deconstruct  Erth           28%        3d16*     22%         5
 Scorch                   Fire           36%        2d6       32%         2
 Searing Ray              Conj           24%        2d5       32%         2
 Alistair's Intoxication  Tmut/Pois      34%        N/A       36%         5
 Borgnjor's Vile Clutch   Necr/Erth      24%        N/A       45%         5
 Confusing Touch          Hex            12%        N/A       54%         3
 Frozen Ramparts          Ice            24%        1d4       54%         3
 Lesser Beckoning         Tloc           12%        N/A       54%         3
 Ozocubu's Armour         Ice            12%        N/A       54%         3
 Agony                    Necr           36%        N/A       75%         5
 Cause Fear               Hex            6%         N/A       91%         4
 Flame Wave               Conj/Fire      18%        2d7       91%         4
 Fulminant Prism          Conj/Hex       6%         3d7       91%         4
 Hailstorm                Conj/Ice       12%        3d5       91%         4
 Iskenderun's Mystic Bla  Conj/Tloc      12%        2d5       91%         4
 Irradiate                Conj/Tmut      13%        3d16      91%         5
 Yara's Violent Unravell  Hex/Tmut       13%        3d7       91%         5
 Eringya's Noxious Bog    Tmut/Pois      26%        N/A       91%         6
 Manifold Assault         Tloc           12%        N/A       99%         5
 Dragon Form              Tmut           21%        N/A       100%        7
 Enfeeble                 Hex            6%         N/A       100%        7
 Ozocubu's Refrigeration  Ice            6%         4d8       100%        7
 Dragon's Call            Summ           26%        N/A       100%        9
 Blink                    Tloc           Unusable   N/A       N/A         2

Dungeon Overview and Level Annotations

Branches:
Dungeon (15/15)            Temple (1/1) D:6            Lair (5/5) D:8
 Shoals (0/4) Lair:3       Spider (0/4) Lair:2        Slime (0/5) Lair:4
    Orc (0/2) D:10
 Vaults: D:13-14     Depths: D:15

Altars:
Ashenzari
Cheibriados
Dithmenos
Elyvilon
Fedhas
Gozag
Hepliaklqana
Kikubaaqudgha
Makhleb
Nemelex Xobeh
Okawaru
Qazlal
Ru
Sif Muna
Trog
Uskayaw
Vehumet
Wu Jian
Xom
Yredelemnul
Zin
The Shining One
Jiyva

Shops:
D:7 ?   D:15 ?

Annotations:
D:3 3 runed translucent doors, exclusion: 3 doors, Henri's ghost, amateur DEAM; ababab's ghost, amateur FeEn; duchin's ghost, amateur MfIE; waddelsworth's ghost, amateur MiBe
D:13 Rupert
D:15 exclusion: door


Innate Abilities, Weirdness & Mutations

You cannot be hasted, slowed, berserked, paralysed or teleported.
You can dig through walls and to a lower floor.
You have a pair of large antennae on your head. (SInv)
Your four strong arms can wield two-handed weapons with a shield.
You have sharp toenails.
You are agile. (Dex +4, Str/Int -1)
Your flesh is cold resistant. (rC+)
You passively dampen the noise of your surroundings.


Message History

The 14-headed hydra barely misses you. The 14-headed hydra bites you!
* * * LOW HITPOINT WARNING * * *
The 14-headed hydra bites you but does no damage. x2
The 14-headed hydra barely misses you. The 14-headed hydra bites you.
* * * LOW HITPOINT WARNING * * *
The 14-headed hydra bites you.
* * * LOW HITPOINT WARNING * * *
You block the 14-headed hydra's attack. x2
The 14-headed hydra bites you but does no damage. x2
You slice one of the 14-headed hydra's heads off!
The 13-headed hydra grows two more!
You hit the 15-headed hydra. You freeze the 15-headed hydra.
The 15-headed hydra is heavily wounded.
Unknown command.
You chop one of the 15-headed hydra's heads off!
The 14-headed hydra grows two more!
You slice the 16-headed hydra!! You freeze the 16-headed hydra.
The 16-headed hydra is severely wounded.
You block the 16-headed hydra's attack. x2
The 16-headed hydra bites you but does no damage.
You block the 16-headed hydra's attack. x2
The 16-headed hydra bites you but does no damage. x3
The 16-headed hydra closely misses you. The 16-headed hydra bites you!
* * * LOW HITPOINT WARNING * * *
You block the 16-headed hydra's attack. The 16-headed hydra closely misses you.
The 16-headed hydra bites you but does no damage. x2
The 16-headed hydra misses you.
The 16-headed hydra bites you but does no damage.
You completely miss the 16-headed hydra.
The 16-headed hydra is severely wounded.
You block the 16-headed hydra's attack.
The 16-headed hydra bites you but does no damage.
You block the 16-headed hydra's attack.
The 16-headed hydra bites you but does no damage.
You block the 16-headed hydra's attack.
The 16-headed hydra bites you but does no damage.
The 16-headed hydra barely misses you.
The 16-headed hydra bites you but does no damage. x2
The 16-headed hydra barely misses you. The 16-headed hydra bites you!
You die...

#...........####....#########
#...........#.......#
#######.#####.......#
#.#####.....### {
#.....#..!..# #####.......#
####.....### #..........##..
#.....†@†.>....
#.....D)†..####
#..............
#..........#### #.[........#
#..........# #..........#
#..........#


You could see a 16-headed hydra (slow).

Vanquished Creatures
  Kirke (D:12)
  Azrael (D:15)
  Josephine (Lair:4)
  A great orb of eyes (D:14)
  Harold (Lair:2)
  3 hydras
  2 ogre magi
  2 boulder beetles
  6 centaur warriors
  A merfolk avatar (Lair:5)
  14 death yaks
  9 two-headed ogres
  A tengu warrior (D:11)
  A death knight (D:15)
  Urug (D:11)
  A fire crab (Lair:5)
  7 skeletal warriors
  A sea snake (Lair:5)
  A wizard (D:15)
  A harpy (Lair:5)
  An orc knight (D:11)
  2 deep elf pyromancers
  17 ugly things
  8 cyclopes
  13 elephants
  5 manticores
  5 black mambas
  A torpor snail (Lair:5)
  A gargoyle (D:13)
  10 cane toads
  9 rime drakes
  9 komodo dragons
  2 unseen horrors
  A yaktaur (D:11)
  An efreet (D:11)
  2 freezing wraiths (D:15)
  2 kobold demonologists (D:11)
  6 meliai (D:15)
  5 polar bears
  2 wind drakes (Lair:5)
  3 trolls
  5 dream sheep (Lair:5)
  2 hornets
  7 blink frogs
  8 culicivoras (Lair:2)
  4 jumping spiders (Lair:2)
  A centaur simulacrum (D:11)
  7 wraiths
  7 wyverns
  2 shadows
  5 basilisks
  A vampire (D:11)
  62 yaks
  4 fire elementals (D:15)
  4 redbacks (Lair:2)
  A death yak simulacrum (D:13)
  6 hogs
  3 vampire mosquitoes
  11 steam dragons
  A warg (D:10)
  5 acid dragons
  A hell hound (D:15)
  11 water moccasins
  10 orc warriors
  An ice beast (D:7)
  A black bear (D:4)
  A sky beast (D:7)
  6 ogres
  15 wolves
  A phantom (D:4)
  8 centaurs
  2 kobold brigands
  A gnoll sergeant (D:6)
  15 bullfrogs
  A scorpion (D:6)
  A cane toad simulacrum (D:13)
  A wight (D:9)
  46 killer bees
  3 electric eels
  3 howler monkeys
  2 hounds
  10 orc priests
  5 jellies
  4 iguanas
  11 orc wizards
  A spriggan simulacrum (D:13)
  A polar bear simulacrum (D:13)
  A troll simulacrum (D:13)
  A wolf simulacrum (D:13)
  9 gnolls
  A river rat (D:6)
  10 adders
  2 naga simulacra (D:13)
  2 shadow imps
  3 ufetubi
  3 worms
  3 dart slugs
  38 orcs
  4 bats
  8 endoplasms
  5 giant cockroaches
  10 goblins
  4 hobgoblins
  9 kobolds
  5 quokkas
  8 ball pythons
  7 frilled lizards
  6 rats
  A spectral orc (D:10)
609 creatures vanquished.

Vanquished Creatures (others)
  A centaur warrior (D:13)
  A steam dragon (Lair:2)
  30 fungi
  59 plants
91 creatures vanquished.

Grand Total: 700 creatures vanquished

Notes
Turn   | Place    | Note
-------+----------+-------------------------------------------
     0 | D:1      | Jushak the Formicid Fighter began the quest for the Orb.
     0 | D:1      | Reached XP level 1. HP: 18/18 MP: 1/1
   101 | D:1      | Found a faded altar of an unknown god.
   311 | D:1      | Reached XP level 2. HP: 24/24 MP: 2/2
   672 | D:1      | Reached XP level 3. HP: 29/30 MP: 3/3
  1921 | D:2      | Reached skill level 4 in Fighting
  1921 | D:2      | Reached XP level 4. HP: 36/37 MP: 4/4
  2999 | D:3      | Found an ornate altar of the Wu Jian Council.
  3053 | D:3      | Found a runed translucent gate.
  3053 | D:3      | Found a runed translucent gate.
  3053 | D:3      | Noticed duchin's ghost (amateur MfIE)
  3053 | D:3      | Noticed duchin's ghost (amateur MfIE)
  3054 | D:3      | Found a runed translucent gate.
  3054 | D:3      | Noticed ababab's ghost (amateur FeEn)
  3055 | D:3      | Noticed waddelsworth's ghost (amateur MiBe)
  3055 | D:3      | Noticed Henri's ghost (amateur DEAM)
  3344 | D:4      | Noticed an ogre
  3344 | D:4      | Noticed an ogre
  3401 | D:4      | Noticed a black bear
  3623 | D:4      | Killed a black bear
  3624 | D:4      | Reached XP level 5. HP: 32/43 MP: 5/5
  3693 | D:4      | Noticed a bullfrog
  3702 | D:4      | Reached XP level 6. HP: 46/50 MP: 6/6
  3717 | D:4      | Reached skill level 5 in Fighting
  3717 | D:4      | Reached skill level 5 in Shields
  4059 | D:4      | Killed an ogre
  4060 | D:4      | Reached XP level 7. HP: 20/56 MP: 7/7
  4396 | D:4      | Reached skill level 6 in Fighting
  4547 | D:5      | Entered Level 5 of the Dungeon
  4595 | D:5      | Reached skill level 5 in Axes
  4595 | D:5      | Reached XP level 8. HP: 61/65 MP: 8/8
  4677 | D:5      | Reached skill level 5 in Armour
  4756 | D:5      | Found a shimmering blue altar of Sif Muna.
  4799 | D:5      | Learned a level 2 spell: Passwall
  4891 | D:5      | Found a broken altar of Ashenzari.
  5007 | D:5      | Found a hazy altar of Hepliaklqana.
  5373 | D:6      | Found a staircase to the Ecumenical Temple.
  5391 | Temple   | Entered the Ecumenical Temple
  5581 | Temple   | Became a worshipper of Cheibriados the Contemplative
  5644 | D:6      | Reached skill level 1 in Earth Magic
  5682 | D:6      | Reached skill level 1 in Spellcasting
  5770 | D:6      | Reached skill level 7 in Fighting
  5964 | D:6      | Reached * piety under Cheibriados
  6130 | D:6      | Reached XP level 9. HP: 64/72 MP: 9/11
  6425 | D:7      | Found Urchejienk's Magic Scroll Shop.
  6438 | D:7      | Bought a scroll of enchant armour for 82 gold pieces
  6438 | D:7      | Bought a scroll of magic mapping for 82 gold pieces
  6438 | D:7      | Bought a scroll of noise for 11 gold pieces
  6745 | D:7      | Reached ** piety under Cheibriados
  7144 | D:7      | Gained mutation: You are clumsy. (Dex -2) [potion of
                  | mutation]
  7144 | D:7      | Gained mutation: You are dopey. (Int -2) [potion of
                  | mutation]
  7144 | D:7      | Gained mutation: You passively dampen the noise of your
                  | surroundings. [potion of mutation]
  7146 | D:7      | Lost mutation: You are dopey. (Int -2) [potion of mutation]
  7146 | D:7      | Lost mutation: You are clumsy. (Dex -2) [potion of
                  | mutation]
  7146 | D:7      | Gained mutation: Your flesh is cold resistant. (rC+)
                  | [potion of mutation]
  7146 | D:7      | Gained mutation: You are agile. (Dex +4, Str/Int -1)
                  | [potion of mutation]
  7146 | D:7      | Gained mutation: You have sharp toenails. [potion of
                  | mutation]
  7416 | D:8      | Reached skill level 8 in Fighting
  7456 | D:8      | Noticed a komodo dragon
  7468 | D:8      | Killed a komodo dragon
  7510 | D:8      | Noticed a komodo dragon
  7523 | D:8      | Killed a komodo dragon
  7524 | D:8      | Reached XP level 10. HP: 46/82 MP: 14/14
  7646 | D:8      | Noticed a komodo dragon
  7650 | D:8      | Killed a komodo dragon
  7723 | D:8      | Found a staircase to the Lair.
  8037 | D:9      | Found a sparkling altar of Nemelex Xobeh.
  8038 | D:9      | Found a glowing golden altar of the Shining One.
  8038 | D:9      | Found a glowing silver altar of Zin.
  8142 | D:9      | Reached *** piety under Cheibriados
  8163 | D:9      | Reached skill level 9 in Fighting
  8536 | D:9      | Reached skill level 5 in Earth Magic
  8536 | D:9      | Reached XP level 11. HP: 81/89 MP: 17/17
  8630 | D:9      | Found a shadowy altar of Dithmenos.
  8630 | D:9      | You fall into a shaft and drop 1 floor!
  8630 | D:10     | Entered Level 10 of the Dungeon
  8692 | D:10     | Reached **** piety under Cheibriados
  8869 | D:10     | Reached skill level 10 in Fighting
  8897 | D:10     | Found a staircase to the Orcish Mines.
  9004 | D:10     | Reached skill level 1 in Invocations
  9372 | D:10     | Found a basalt altar of Yredelemnul.
  9375 | D:10     | Reached ***** piety under Cheibriados
 10215 | D:11     | Noticed a white ugly thing
 10230 | D:11     | Killed a white ugly thing
 10473 | D:11     | Noticed a red ugly thing
 10480 | D:11     | Killed a red ugly thing
 10535 | D:11     | Noticed a cyclops
 10558 | D:11     | Killed a cyclops
 10559 | D:11     | Reached skill level 5 in Spellcasting
 10559 | D:11     | Reached XP level 12. HP: 61/98 MP: 19/19
 10669 | D:11     | Noticed an ogre mage
 10681 | D:11     | Killed an ogre mage
 10804 | D:11     | Noticed a boulder beetle
 10808 | D:11     | Noticed a two-headed ogre
 10813 | D:11     | You fall into a shaft and drop 1 floor!
 10862 | D:12     | Reached skill level 10 in Armour
 10892 | D:12     | Reached skill level 11 in Fighting
 10981 | D:12     | Noticed a five-headed hydra
 11136 | D:12     | Reached skill level 5 in Invocations
 11307 | D:12     | Noticed a skeletal warrior
 11319 | D:12     | Killed a skeletal warrior
 11380 | D:12     | Noticed a skeletal warrior
 11380 | D:12     | Noticed a +0 hand axe
 11381 | D:12     | Noticed a +0 hand axe
 11407 | D:12     | Killed a skeletal warrior
 11567 | D:11     | Reached skill level 10 in Axes
 11570 | D:11     | Noticed a skeletal warrior
 11585 | D:11     | Killed a skeletal warrior
 11593 | D:11     | Learned a level 3 spell: Vampiric Draining
 11602 | D:11     | Noticed a two-headed ogre
 11622 | D:11     | Killed a two-headed ogre
 11666 | D:11     | Reached skill level 10 in Shields
 11687 | D:11     | Noticed a sun demon
 11693 | D:11     | Found the +3 giant club "Skullcrusher" {speed, Str+7}
 11807 | D:11     | Reached XP level 13. HP: 106/106 MP: 21/21
 11909 | D:11     | Reached skill level 1 in Transmutations
 11946 | D:11     | Reached skill level 1 in Necromancy
 12068 | D:11     | Identified the +6 scale mail of the Valley of Death {rC+
                  | Str+5 Int+6}
 12400 | D:11     | Killed a boulder beetle
 12444 | D:11     | Noticed Urug
 12453 | D:11     | Killed Urug
 12559 | D:11     | Learned a level 2 spell: Poisonous Vapours
 12564 | D:11     | Learned a level 4 spell: Olgreb's Toxic Radiance
 12571 | D:11     | Learned a level 6 spell: Summon Cactus Giant
 12983 | Lair:1   | Entered Level 1 of the Lair of Beasts
 13023 | Lair:1   | Reached ****** piety under Cheibriados
 13058 | Lair:1   | Reached skill level 1 in Poison Magic
 13075 | Lair:1   | Reached skill level 1 in Summonings
 13459 | Lair:1   | Reached skill level 12 in Fighting
 14156 | Lair:2   | Found a hole to the Spider Nest.
 14281 | Lair:2   | Identified the +1 ring mail of Ygaokerr {Harm Str-4 Dex+4}
 14304 | Lair:2   | Reached XP level 14. HP: 115/115 MP: 23/23
 14328 | Lair:2   | Noticed Harold
 14344 | Lair:2   | Killed Harold
 15570 | Lair:3   | Found a staircase to the Shoals.
 16256 | Lair:4   | Reached skill level 5 in Poison Magic
 16451 | Lair:4   | Noticed Josephine
 16460 | Lair:4   | Killed Josephine
 16487 | Lair:4   | Found a staircase to the Slime Pits.
 16489 | Lair:4   | Found a viscous altar of Jiyva.
 16867 | Lair:4   | Reached XP level 15. HP: 93/122 MP: 25/25
 17423 | Lair:5   | Entered Level 5 of the Lair of Beasts
 17512 | Lair:5   | Reached skill level 13 in Fighting
 17708 | Lair:5   | Reached skill level 5 in Summonings
 18127 | Lair:5   | Identified the +4 trident "Yczent" {vamp, Fly Str+4 Int-2}
 18129 | Lair:5   | Identified the +9 falchion of the Omega Point {flame, rN+
                  | Will++ Int-3 Dex+2}
 19432 | D:12     | Found a hide-covered altar of Uskayaw.
 19463 | D:12     | Identified the +1 scale mail of Card Tricks {Harm rCorr
                  | Int+4}
 19806 | D:13     | Noticed Kirke
 19849 | D:12     | Noticed a sphinx
 19851 | D:12     | Killed Kirke
 19877 | D:13     | Reached skill level 10 in Invocations
 20015 | D:13     | Reached skill level 5 in Transmutations
 20106 | D:13     | Reached XP level 16. HP: 125/131 MP: 27/27
 20255 | D:13     | Found a frozen archway.
 20440 | D:13     | Noticed Rupert
 20445 | D:13     | You fall into a shaft and drop 2 floors!
 20445 | D:15     | Entered Level 15 of the Dungeon
 21150 | D:15     | Found Rujakleq's Magic Scroll Shoppe.
 21403 | D:15     | Bought a scroll of acquirement for 884 gold pieces
 21413 | D:15     | Acquired a +2 tower shield of protection
 21659 | D:15     | Noticed Azrael
 21672 | D:15     | Killed Azrael
 21874 | D:15     | Found a bloodstained altar of Trog.
 22205 | D:14     | Reached skill level 14 in Fighting
 22271 | D:14     | HP: 5/133 [12-headed hydra (7)]
 22276 | D:14     | HP: 5/133 [16-headed hydra (12)]
 22277 | D:14     | Slain by a 16-headed hydra

Illustrated notes

Levels and vault maps discovered:
D:1:      nagdon_arrival_zigzag_paths, layout_basic,
          hellmonk_ecumenical_altar_lost_god
D:2:      mumra_celtic_spiral_tile, layout_rooms, minmay_curled_crystal,
          nicolae_kite_square_tiling_tiny
D:3:      layout_basic, mainiacjoe_overflow_six_doors_small,
          gammafunk_ghost_cemetery, hex_large
D:4:      layout_layer_cave
D:5:      layout_gridville, nicolae_hepliaklqana_hippocampus,
          nicolae_sif_muna_condensation, lemuel_doored_altar
D:6:      layout_cave_pools, minmay_temple_entry_overgrown,
          gup_sewer_entry_spiral, minmay_misc_feat_square
D:7:      layout_basic, serial_shops, shop_statue
D:8:      layout_rooms, erik_lair_dragon
D:9:      layout_grid_maze, mainiacjoe_overflow_cross_hatched,
          chequers_temple_overflow_statue_of_worship, kennysheep_generic_room_12
D:10:     layout_stronghold, yredelemnul_forgotten_temple_becter, david_orc_3
D:11:     minmay_the_grid_square_5x5_4x4_mashed
          [minmay_the_grid_square_5x5_almost_minimal,
          minmay_the_grid_square_5x5_misaligned,
          minmay_the_grid_square_5x5_three_walls,
          minmay_the_grid_square_5x5_gyroscope, minmay_the_grid_square_5x5_six,
          minmay_the_grid_square_5x5_prize_open,
          minmay_the_grid_square_5x5_prize_open,
          minmay_the_grid_square_5x5_mess, minmay_the_grid_square_5x5_fat_x,
          minmay_the_grid_square_5x5_prize_monsterx,
          minmay_the_grid_square_5x5_prize_pseudospiral,
          minmay_the_grid_square_5x5_lines,
          minmay_the_grid_square_5x5_three_small,
          minmay_the_grid_square_5x5_intrusive_squares,
          minmay_the_grid_square_5x5_one_wall,
          minmay_the_grid_square_5x5_moneybag], layout_basic, uniq_urug
D:12:     layout_basic, dancing_weapons_uskayaw
D:13:     layout_rooms, portal_ice_cave_entry_ice_simulacra, uniq_kirke,
          uniq_rupert
D:14:     layout_basic, david_vaults_2, gammafunk_ghost_cemetery,
          evilmike_butchery
D:15:     gammafunk_enter_depths_forms, layout_layer_cave, bloody_trog,
          serial_shops, nicolae_shop_statue_plus, uniq_azrael
Temple:   nicolae_temple_bog_church
Lair:1:   layout_long_grid, chequers_serial_rivers_small_b,
          chequers_serial_rivers_room_b, serial_bayou_lagoon_a,
          grunt_forest_small_clearing_treed
Lair:2:   wad_woods_minihive, layout_regular_city,
          nicolae_spider_entry_tight_spaces, bobbens_dragon_lair_wall,
          uniq_harold
Lair:3:   layout_gridlike, elwin_shoals_entry_rocks, serial_bayou_pond_c
Lair:4:   layout_gridlike, slime_entry_1, serial_bayou_pond_d, uniq_josephine
Lair:5:   gammafunk_lair_ancient_temple, layout_regular_city,
          serial_bayou_shore_a

Skill      XL: |  1  2  3  4  5  6  7  8  9 10 11 12 13 14 15 16 |
---------------+-------------------------------------------------+-----
Fighting       | 4 5 6 7 8 9 10 11 12 13 14 | 14.0
Axes           | 3 4 5 6 7 8 9 10 11 12 | 12.8
Armour         | 4 5 7 8 9 10 11 12 13 | 13.2
Shields        | 5 6 7 8 9 10 11 12 | 12.2
Earth Magic    | 1 3 5 6 7 8 |  8.0
Spellcasting   | 1 3 4 5 6 7 8 |  8.0
Invocations    | 3 6 7 8 10 | 10.0
Transmutations | 2 3 5 |  5.2
Necromancy     | 2 3 4 |  4.0
Poison Magic   | 3 5 7 8 |  8.3
Summonings     | 2 4 5 6 |  6.9

Action                   |  1- 3 |  4- 6 |  7- 9 | 10-12 | 13-15 | 16-18 || total
-------------------------+-------+-------+-------+-------+-------+-------++-------
Melee: War axe           |    97 |   116 |   315 |   452 |   978 |   254 ||  2212
 Cast: Poisonous Vapours |       |       |       |       |       |     2 ||     2
Invok: Slouch            |       |       |       |       |    14 |       ||    14
       Step From Time    |       |       |       |       |       |     2 ||     2
       Temporal Distorti |       |       |       |       |       |     1 ||     1
 Abil: Dig               |     3 |       |       |     1 |     1 |       ||     5
       Shaft Self        |       |       |       |     1 |       |     1 ||     2
  Use: Scroll            |       |     2 |     5 |     4 |    10 |     6 ||    27
       Potion            |       |       |     3 |    13 |     4 |     6 ||    26
Armor: Scale mail        |    48 |    55 |    73 |       |   419 |   140 ||   735
       Plate armour      |       |       |    84 |   229 |    20 |       ||   333
Dodge: Dodged            |    49 |    54 |   105 |   125 |   566 |   150 ||  1049
Block: Buckler           |    28 |    30 |    80 |   183 |   449 |    89 ||   859
       Tower shield      |       |       |       |       |       |   182 ||   182
